 Dungeon Crawl Stone Soup version 0.26-a0-30-g56b8cd3df0 (webtiles) character file.

Game seed: 17070229131749195449, levelgen mode: deterministic

3218 grindst0ne the Covert (level 9, -13/41 HPs)
             Began as a Spriggan Assassin on June 2, 2020.
             Was a Follower of Dithmenos.
             Mangled by Bvern's ghost (19 damage)
             ... on level 8 of the Dungeon.
             The game lasted 00:24:53 (6986 turns).

grindst0ne the Covert (Spriggan Assassin)           Turns: 6986, Time: 00:24:54

Health: -13/41     AC:  9    Str:  7    XL:     9   Next: 65%
Magic:  13/13      EV: 30    Int: 12    God:    Dithmenos [*.....]
Gold:   414        SH:  0    Dex: 21    Spells: 8/8 levels left

rFire    + . .     SeeInvis +   n - +0 dagger (elec)
rCold    + . .     Gourm    .   (shield restricted)
rNeg     + . .     Faith    .   s - +2 robe {rC+ rF+}
rPois    .         Spirit   .   (helmet restricted)
rElec    .         Reflect  .   c - +0 cloak
rCorr    .         Harm     .   (gloves unavailable)
MR       +....                  (boots unavailable)
Stlth    +++.......             y - macabre finger necklace {rN+}
HPRegen  0.13/turn              h - ring of flight
MPRegen  0.13/turn              z - +4 ring of protection
                                (no ring)

@: confused, wreathed by umbra, very quick
A: very small, unfitting armour, see invisible, herbivore, speed 3, slow
metabolism 2
a: Renounce Religion, Evoke Flight


You were on level 8 of the Dungeon.
You worshipped Dithmenos.
Dithmenos was aware of your devotion.
You were very hungry.

You visited 2 branches of the dungeon, and saw 9 of its levels.

You collected 414 gold pieces.

Inventory:

Hand Weapons
 a - a +2 dagger
 n - a +0 dagger of electrocution (weapon)
 D - a +3 scimitar of flaming
Missiles
 d - 28 poisoned darts (quivered)
 e - 3 curare-tipped darts
 g - 10 boomerangs
Armour
 c - a +0 cloak (worn)
 s - a +2 robe of resistance (worn)
 F - +0 swamp dragon scales
Magical Staves
 p - an uncursed staff of earth
Jewellery
 h - a ring of flight (left hand)
 l - an uncursed amulet of magic regeneration
 o - an uncursed ring of fire
 u - the ring of the Greedy {Fire rElec MR- Str+4 Slay+2}
   (You found it on level 7 of the Dungeon)

   [ring of fire]

   It enhances your fire magic.
   It affects your strength (+4).
   It affects your accuracy and damage with ranged weapons and melee attacks
   (+2).
   It protects you from fire.
   It makes you vulnerable to cold.
   It insulates you from electricity.
   It affects your resistance to hostile enchantments.
 y - the macabre finger necklace (around neck) {rN+}
   (You found it on level 4 of the Dungeon)

   [amulet of nothing]

   It protects you from negative energy.
 z - a +4 ring of protection (right hand)
Wands
 r - a wand of paralysis (2)
 C - a wand of polymorph (12)
Scrolls
 q - 6 scrolls of remove curse
 t - a scroll of enchant weapon {unknown}
 w - a scroll of amnesia {unknown}
 x - 2 scrolls of fog
 A - a scroll of magic mapping
 B - 2 scrolls of teleportation
Potions
 b - 3 potions of curing
 i - a potion of invisibility
 j - 3 potions of cancellation
 k - 3 potions of heal wounds
 m - 5 potions of lignification
 v - 2 potions of haste
 E - 2 potions of might
Comestibles
 f - 10 rations


   Skills:
 - Level 1.5 Fighting
 - Level 4.0 Short Blades
 - Level 3.1 Throwing
 + Level 12.1 Dodging
 - Level 14.1 Stealth
 + Level 0.4 Invocations
 + Level 5.1 Evocations


You had 8 spell levels left.
You didn't know any spells.
Your spell library contained the following spells:

 Spells                   Type           Power        Failure   Level  Hunger
 Corona                   Hex            #......      32%         1    ##.....
 Ensorcelled Hibernation  Hex/Ice        #.....       45%         2    ###....
 Confusing Touch          Hex            #.......     69%         3    ####...
 Dazzling Flash           Conj/Hex       #.....       69%         3    ####...
 Tukima's Dance           Hex            #.......     69%         3    ####...


Dungeon Overview and Level Annotations

Branches:
Dungeon (8/15)             Temple (1/1) D:4
   Lair: D:8-11

Altars:
Ashenzari
Cheibriados
Dithmenos
Elyvilon
Fedhas
Gozag
Hepliaklqana
Kikubaaqudgha
Makhleb
Nemelex Xobeh
Qazlal
Ru
Sif Muna
Trog
Vehumet
Wu Jian
Xom
Yredelemnul
Zin
The Shining One

Shops:
D:4 }

Annotations:
D:8 Bvern's ghost, novice GnWz; Grum


Innate Abilities, Weirdness & Mutations

You are very small and have problems with some larger weapons.
You are too small for most types of armour.
You have supernaturally acute eyesight. (SInv)
You are a herbivore.
You cover ground extremely quickly.
You need to consume almost no food.


Message History

You are engulfed in noxious fumes.
You choke on the stench!
You are more confused.
Bvern's ghost points at you and mumbles some strange words.
The magic dart hits you.
You closely miss the ogre.
The ogre is almost dead.
Bvern's ghost says, "What's the hurry?
You'll die anyway."
Bvern's ghost casts a spell at you.
The ball explodes into a vile cloud!
The stinking cloud engulfs you but does no damage.
The stinking cloud engulfs the ogre but does no damage.
The stinking cloud engulfs Bvern's ghost but does no damage.
The ogre misses Bvern's ghost.
You're too confused to move!
You are engulfed in noxious fumes.
You choke on the stench!
You are more confused.
Bvern's ghost hits you!
* * * LOW HITPOINT WARNING * * *
You are electrocuted!!
You die...

##.# #.## #.#.#........
.#.######..###.#.#........
.#.((J(W(.#.(..J..........
.'..#######...#W..........
.'..# #..#.#.##.....##..
.'.## ###.#...#.....##
.#.# #..##...#..#..# .#.#
##[..##.#OW..## ##.#
###.#..#@☼.## ...#
#..##..☼§.# ###
##.###....#..
##.#......... ##..........
#............
###......#### #.....##
#....##


You could see an ogre (confused) and Bvern's ghost.

Vanquished Creatures
  Pikel (D:7)
  Maggie (D:8)
  Sigmund (D:3)
  Menkaure (D:7)
  A black bear (D:6)
  A sky beast (D:7)
  2 ice beasts
  An orc warrior (D:6)
  A slave (D:7)
  5 ogres
  A wolf (D:7)
  3 bullfrogs
  3 killer bees (D:7)
  A crimson imp (D:6)
  A quasit (D:8)
  A gnoll shaman (D:5)
  2 orc priests
  3 hounds
  2 jellies (D:5)
  A bullfrog skeleton (D:8)
  3 iguanas
  Ijyb (D:3)
  5 orc wizards
  5 worker ants
  2 hound zombies (D:6)
  2 hound skeletons (D:5)
  A worker ant zombie (D:7)
  3 gnolls (D:5)
  7 adders
  An ooze (D:1)
  2 adder skeletons
  2 worms (D:3)
  4 dart slugs
  3 leopard geckos
  18 orcs
  6 giant cockroaches
  8 hobgoblins
  5 quokkas
  7 bats
  3 frilled lizards (D:2)
  6 goblins
  4 kobolds
  A leopard gecko zombie (D:6)
  A quokka zombie (D:6)
  2 rats
135 creatures vanquished.

Vanquished Creatures (others)
  A slave (D:7)
  A jelly (D:8)
2 creatures vanquished.

Grand Total: 137 creatures vanquished

Notes
Turn   | Place    | Note
-------+----------+-------------------------------------------
     0 | D:1      | grindst0ne the Spriggan Assassin began the quest for the
                  | Orb.
     0 | D:1      | Reached XP level 1. HP: 10/10 MP: 2/2
    75 | D:1      | Reached skill level 6 in Stealth
   159 | D:1      | Reached XP level 2. HP: 14/14 MP: 3/3
   827 | D:2      | Reached XP level 3. HP: 12/18 MP: 4/4
   936 | D:2      | Found an ornate altar of the Wu Jian Council.
  1005 | D:2      | Found a shimmering blue altar of Sif Muna.
  1427 | D:3      | Noticed Ijyb
  1429 | D:3      | Killed Ijyb
  1429 | D:3      | Reached skill level 7 in Stealth
  1449 | D:3      | Reached XP level 4. HP: 22/22 MP: 5/5
  1528 | D:3      | Noticed Sigmund
  1543 | D:3      | Killed Sigmund
  1543 | D:3      | Reached XP level 5. HP: 25/25 MP: 5/7
  1638 | D:3      | Found a snail-covered altar of Cheibriados.
  1816 | D:3      | Reached XP level 6. HP: 30/30 MP: 8/8
  1835 | D:3      | Found a glowing golden altar of the Shining One.
  2193 | D:3      | Reached skill level 5 in Dodging
  2193 | D:3      | Reached skill level 8 in Stealth
  2720 | D:4      | Found Huohaf's Gadget Shop.
  2728 | D:4      | Found the macabre finger necklace {rN+}
  2815 | D:4      | Reached XP level 7. HP: 33/33 MP: 10/10
  2922 | D:4      | Found a staircase to the Ecumenical Temple.
  2927 | Temple   | Entered the Ecumenical Temple
  3006 | Temple   | Became a worshipper of Dithmenos the Shadowed
  3373 | D:5      | Entered Level 5 of the Dungeon
  3381 | D:5      | Reached skill level 9 in Stealth
  3856 | D:5      | Reached skill level 5 in Evocations
  4099 | D:5      | Reached skill level 10 in Stealth
  4099 | D:5      | Reached XP level 8. HP: 37/37 MP: 12/12
  4551 | D:6      | Reached * piety under Dithmenos
  4683 | D:6      | Found an ancient bone altar of Kikubaaqudgha.
  4743 | D:6      | Reached skill level 11 in Stealth
  5174 | D:7      | Noticed Menkaure
  5182 | D:7      | Killed Menkaure
  5334 | D:7      | Reached skill level 12 in Stealth
  5370 | D:7      | Reached skill level 10 in Dodging
  5414 | D:7      | Noticed Pikel
  5425 | D:7      | Killed Pikel
  5425 | D:7      | Reached XP level 9. HP: 41/41 MP: 13/13
  5478 | D:7      | Reached skill level 13 in Stealth
  5895 | D:7      | Got a bound jade ring
  6248 | D:7      | Identified the ring of the Greedy {Fire rElec MR- Str+4
                  | Slay+2} (You found it on level 7 of the Dungeon)
  6334 | D:8      | Noticed Maggie
  6341 | D:8      | Killed Maggie
  6457 | D:8      | Noticed Grum
  6551 | D:7      | Reached skill level 14 in Stealth
  6869 | D:8      | Found a runed translucent gate.
  6871 | D:8      | Found a runed translucent gate.
  6872 | D:8      | Found a runed translucent gate.
  6873 | D:8      | Noticed Bvern's ghost (novice GnWz)
  6986 | D:8      | Mangled by Bvern's ghost

Illustrated notes

Levels and vault maps discovered:
D:1:      eino_arrival_cavern_e, layout_basic, kennysheep_decorative_pillar
D:2:      layout_rooms, lemuel_coloured_pillars_altar, old_standard_altar,
          grunt_ministairs_14
D:3:      layout_loops_corners, kennysheep_slug_shrine, lemuel_crystal_altar,
          uniq_ijyb, uniq_sigmund
D:4:      layout_loops_ring, minmay_temple_entry_nine_rooms, first_ration,
          serial_shops, nicolae_shop_trees, kennysheep_generic_room_15
D:5:      layout_basic
D:6:      layout_basic, overflow_temple_1_default
D:7:      layout_rooms, serial_co_window_serial, co_window_paths_b,
          co_window_paths_a, co_window_paths_a, co_window_of_opportunity_a,
          co_window_corner_a, co_window_corner_cb, co_window_corner_b,
          co_window_unsneaky_path_a, co_window_corner_b,
          co_window_unsneaky_path_b, co_window_2corner, glass_columns_c,
          glass_columns_a, uniq_pikel, uniq_menkaure
D:8:      layout_layer_cave, okawaru_humans, gammafunk_ghost_split, uniq_maggie,
          uniq_grum
Temple:   regret_index_temple_waves

Skill      XL: |  1  2  3  4  5  6  7  8  9 |
---------------+----------------------------+-----
Dodging        | 2 3 4 5 7 10 12 | 12.1
Stealth        | 6 7 8 10 12 14 | 14.1
Short Blades   | 3 4 |  4.0
Evocations     | 2 3 5 |  5.1
Throwing       | 3 |  3.1
Fighting       | |  1.5
Invocations    | |  0.4

Action                   |  1- 3 |  4- 6 |  7- 9 || total
-------------------------+-------+-------+-------++-------
Melee: Dagger            |   108 |    97 |   228 ||   433
Throw: Dart              |       |     7 |    41 ||    48
       Boomerang         |       |       |    19 ||    19
Evoke: Wand              |       |       |    11 ||    11
  Use: Scroll            |       |     4 |     9 ||    13
 Stab: Sleeping          |     9 |    11 |    17 ||    37
       Distracted        |       |     1 |     2 ||     3
       Paralysed         |       |       |     6 ||     6
  Eat: Ration            |       |       |     1 ||     1
Armor: Robe              |    15 |    11 |    11 ||    37
Dodge: Dodged            |    70 |    47 |   182 ||   299

Table legend:
 A = Non-vault XP
 B = Vault XP
 C = Vault XP percentage of total XP
 D = Non-vault monster count
 E = Vault monster count
 F = Vault count percentage of total count
                 A         B        C        D         E       F
            +---------+---------+-------+---------+---------+-------
      Total |    2915 |    1683 |  36.6 |     124 |      10 |   7.5
            +---------+---------+-------+---------+---------+-------
        D:1 |      33 |       0 |   0.0 |      12 |       0 |   0.0
        D:2 |      25 |       2 |   7.4 |      16 |       2 |  11.1
        D:3 |     180 |     277 |  60.6 |      27 |       3 |  10.0
        D:4 |     354 |       0 |   0.0 |       9 |       0 |   0.0
        D:5 |     611 |       0 |   0.0 |      18 |       0 |   0.0
        D:6 |     720 |       0 |   0.0 |      19 |       0 |   0.0
        D:7 |     867 |     919 |  51.5 |      20 |       3 |  13.0
        D:8 |     125 |     485 |  79.5 |       3 |       2 |  40.0
            +---------+---------+-------+---------+---------+-------
